TOP OF THE 1ST |
University of South Carolina Gamecocks batting - Pitching for Rice University Owls : RHP Dejenie Mensah
|
Pitching: RHP Dejenie Mensah
|
|
Batting: RHB Justin Kurutz
|
0-0: Ball 1-0: Called Strike 1-1: Ball 2-1: Ball 3-1: Foul Ball, location: 2F 3-2: Foul Ball, location: 2F 3-2: Strikes out swinging
|
Batting: RHB Brian Passalacqua
|
0-0: Ball 1-0: SOLO HOME RUN (Line Drive, 9D, EV 95.6 MPH), Distance : 380 ft
|
Batting: SHB Keith Mihas
|
0-0: Foul Ball, location: 2F 0-1: Foul Ball, location: 2F 0-2: Foul Ball, location: 2F 0-2: Ball 1-2: Ball 2-2: Ball 3-2: Fly out, F5 (Popup, 5SF, EV 71.9 MPH)
|
Batting: LHB Chris McNay
|
0-0: Called Strike 0-1: TRIPLE (Flyball, 89XD, EV 95.6 MPH)
|
Batting: RHB Lance Neldon
|
0-0: Ground out 5-3 (Groundball, 56, EV 83.1 MPH)
|
Top of the 1st over - 1 run, 2 hits, 0 errors, 1 left on base; University of South Carolina 1 - Rice University 0 |
BOTTOM OF THE 1ST |
Rice University Owls batting - Pitching for University of South Carolina Gamecocks : RHP Sammy Armstrong
|
Pitching: RHP Sammy Armstrong
|
|
Batting: RHB Caleb Mercer
|
0-0: Ball 1-0: Foul Ball, location: 2F 1-1: Swinging Strike 1-2: Ball 2-2: Ball 3-2: Base on Balls
|
Batting: RHB Allen Jarvis
|
0-0: Ball Caleb Mercer steals 2nd base 1-0: Fly out, F8 (Flyball, 8LD, EV 98.1 MPH) Runner from 2nd tags up, SAFE at 3rd with throw by CF
|
Batting: SHB Ken Wilson
|
0-0: Called Strike 0-1: Ground out 5-3 (Groundball, 5, EV 103.1 MPH)
|
Batting: RHB Neil Worth
|
0-0: Fly out, F7 (Line Drive, 78S, EV 87.5 MPH)
|
Bottom of the 1st over - 0 runs, 0 hits, 0 errors, 1 left on base; University of South Carolina 1 - Rice University 0 |
TOP OF THE 2ND |
University of South Carolina Gamecocks batting - Pitching for Rice University Owls : RHP Dejenie Mensah
|
Batting: LHB Bert Webster
|
0-0: Called Strike 0-1: Foul Ball, location: 2F 0-2: Ball 1-2: Foul Ball, location: 2F 1-2: Strikes out swinging
|
Batting: RHB Phil Hanley
|
0-0: Ball 1-0: Ball 2-0: Called Strike 2-1: Ball 3-1: Base on Balls
|
Batting: RHB Jeff Swanson
|
0-0: Ball 1-0: Ball 2-0: Ball 3-0: Called Strike 3-1: Base on Balls Phil Hanley to second
|
Batting: RHB Ben Turner
|
0-0: Called Strike 0-1: Ball 1-1: Swinging Strike 1-2: Foul Ball, location: 2F 1-2: Ball 2-2: Ball 3-2: Fly out, F8 (Flyball, 78M, EV 83.8 MPH)
|
Batting: RHB Justin Kurutz
|
0-0: Ball 1-0: Ball 2-0: Fly out, F4 (Popup, 34S, EV 83.8 MPH)
|
Top of the 2nd over - 0 runs, 0 hits, 0 errors, 2 left on base; University of South Carolina 1 - Rice University 0 |
BOTTOM OF THE 2ND |
Rice University Owls batting - Pitching for University of South Carolina Gamecocks : RHP Sammy Armstrong
|
Batting: SHB Dave Van Sickle
|
0-0: Ball 1-0: Ball 2-0: Foul Ball, location: 2F 2-1: Called Strike 2-2: Ball 3-2: Fly out, F7 (Flyball, 78S, EV 96.9 MPH)
|
Batting: SHB Steve Wipf
|
0-0: Ball 1-0: Ball 2-0: Ball 3-0: Fly out, F8 (Line Drive, 8LM, EV 85.0 MPH)
|
Batting: RHB Javier Quinones
|
0-0: Ball 1-0: Foul Ball, location: 2F 1-1: Fly out, F5 (Line Drive, 56, EV 63.1 MPH)
|
Bottom of the 2nd over - 0 runs, 0 hits, 0 errors, 0 left on base; University of South Carolina 1 - Rice University 0 |
TOP OF THE 3RD |
University of South Carolina Gamecocks batting - Pitching for Rice University Owls : RHP Dejenie Mensah
|
Batting: RHB Brian Passalacqua
|
0-0: Called Strike 0-1: Ball 1-1: Ball 2-1: Ball 3-1: Foul Ball, location: 2F 3-2: Foul Ball, location: 2F 3-2: Strikes out swinging
|
Batting: SHB Keith Mihas
|
0-0: Called Strike 0-1: Foul Ball, location: 2F 0-2: Ball 1-2: Ball 2-2: Strikes out swinging
|
Batting: LHB Chris McNay
|
0-0: Called Strike 0-1: Swinging Strike 0-2: Ball 1-2: Foul Ball, location: 2F 1-2: Fly out, F7 (Flyball, 7LS, EV 87.5 MPH)
|
Top of the 3rd over - 0 runs, 0 hits, 0 errors, 0 left on base; University of South Carolina 1 - Rice University 0 |
BOTTOM OF THE 3RD |
Rice University Owls batting - Pitching for University of South Carolina Gamecocks : RHP Sammy Armstrong
|
Batting: RHB Emanuel Pulido
|
0-0: Ball 1-0: Ground out 5-3 (Groundball, 5, EV 81.9 MPH)
|
Batting: LHB Dejenie Mensah
|
0-0: Fly out, F8 (Flyball, 8LD, EV 101.9 MPH)
|
Batting: RHB Caleb Mercer
|
0-0: Ball 1-0: Ball 2-0: Called Strike 2-1: Called Strike 2-2: Ground out 5-3 (Groundball, 56, EV 101.2 MPH)
|
Bottom of the 3rd over - 0 runs, 0 hits, 0 errors, 0 left on base; University of South Carolina 1 - Rice University 0 |
TOP OF THE 4TH |
University of South Carolina Gamecocks batting - Pitching for Rice University Owls : RHP Dejenie Mensah
|
Batting: RHB Lance Neldon
|
0-0: Fly out, F8 (Flyball, 8RD, EV 88.8 MPH)
|
Batting: LHB Bert Webster
|
0-0: Fly out, F6 (Popup, 6, EV 71.2 MPH)
|
Batting: RHB Phil Hanley
|
0-0: Ball 1-0: Ground out 4-3 (Groundball, 4, EV 82.5 MPH)
|
Top of the 4th over - 0 runs, 0 hits, 0 errors, 0 left on base; University of South Carolina 1 - Rice University 0 |
BOTTOM OF THE 4TH |
Rice University Owls batting - Pitching for University of South Carolina Gamecocks : RHP Sammy Armstrong
|
Batting: RHB Allen Jarvis
|
0-0: Foul Ball, location: 2F 0-1: Ball 1-1: Ground out 6-3 (Groundball, 6, EV 85.6 MPH)
|
Batting: SHB Ken Wilson
|
0-0: SINGLE (Line Drive, 6MD, EV 107.5 MPH)
|
Batting: RHB Neil Worth
|
0-0: Ball 1-0: Foul Ball, location: 2F 1-1: SINGLE (Groundball, 56S, EV 66.9 MPH) (infield hit) Ken Wilson to second
|
Batting: SHB Dave Van Sickle
|
0-0: Grounds into double play, 4-6-3 (Groundball, 4S, EV 88.8 MPH)
|
Bottom of the 4th over - 0 runs, 2 hits, 0 errors, 1 left on base; University of South Carolina 1 - Rice University 0 |
TOP OF THE 5TH |
University of South Carolina Gamecocks batting - Pitching for Rice University Owls : RHP Dejenie Mensah
|
Batting: RHB Jeff Swanson
|
0-0: Called Strike 0-1: Ball 1-1: Ball 2-1: Ball 3-1: Ground out 5-3 (Groundball, 56, EV 100.0 MPH)
|
Batting: RHB Ben Turner
|
0-0: Ball 1-0: Called Strike 1-1: Ball 2-1: Called Strike 2-2: Strikes out swinging
|
Batting: RHB Justin Kurutz
|
0-0: Ball 1-0: Ball 2-0: Ball 3-0: Called Strike 3-1: Base on Balls
|
Pitching: LHP Joe Fleury
|
|
Batting: RHB Brian Passalacqua
|
0-0: Ground out 5-3 (Groundball, 56S, EV 85.0 MPH)
|
Top of the 5th over - 0 runs, 0 hits, 0 errors, 1 left on base; University of South Carolina 1 - Rice University 0 |
BOTTOM OF THE 5TH |
Rice University Owls batting - Pitching for University of South Carolina Gamecocks : RHP Sammy Armstrong
|
Batting: SHB Steve Wipf
|
0-0: Called Strike 0-1: Swinging Strike 0-2: Foul Ball, location: 2F 0-2: Ball 1-2: Strikes out swinging
|
Batting: RHB Javier Quinones
|
0-0: Ball 1-0: Ball 2-0: Swinging Strike 2-1: Ball 3-1: Base on Balls
|
Batting: RHB Emanuel Pulido
|
0-0: Foul Ball, location: 2F 0-1: Foul Ball, location: 2F 0-2: Strikes out swinging
|
Batting: LHB Dejenie Mensah
|
0-0: Swinging Strike 0-1: Ground out 5-3 (Groundball, 56, EV 101.2 MPH)
|
Bottom of the 5th over - 0 runs, 0 hits, 0 errors, 1 left on base; University of South Carolina 1 - Rice University 0 |
TOP OF THE 6TH |
University of South Carolina Gamecocks batting - Pitching for Rice University Owls : LHP Joe Fleury
|
Batting: SHB Keith Mihas
|
0-0: Called Strike 0-1: Foul Ball, location: 2F 0-2: Strikes out swinging
|
Batting: LHB Chris McNay
|
0-0: Called Strike 0-1: Ball 1-1: Ball 2-1: Swinging Strike 2-2: Ground out U3 (Groundball, 3L, EV 85.6 MPH)
|
Batting: RHB Lance Neldon
|
0-0: Called Strike 0-1: Ball 1-1: Foul Ball, location: 2F 1-2: Foul Ball, location: 2F 1-2: Fly out, F7 (Flyball, 7S, EV 94.4 MPH)
|
Top of the 6th over - 0 runs, 0 hits, 0 errors, 0 left on base; University of South Carolina 1 - Rice University 0 |
BOTTOM OF THE 6TH |
Rice University Owls batting - Pitching for University of South Carolina Gamecocks : RHP Sammy Armstrong
|
Batting: RHB Caleb Mercer
|
0-0: Ball 1-0: Foul Ball, location: 2F 1-1: Ground out 6-3 (Groundball, 6, EV 90.0 MPH)
|
Batting: RHB Allen Jarvis
|
0-0: Ball 1-0: SINGLE (Groundball, 6MD, EV 108.8 MPH)
|
Batting: SHB Ken Wilson
|
0-0: Ball 1-0: Called Strike Allen Jarvis steals 2nd base 1-1: Ball 2-1: Swinging Strike 2-2: Strikes out swinging
|
Batting: RHB Neil Worth
|
0-0: Ball 1-0: Ball 2-0: Ball 3-0: Base on Balls
|
Batting: SHB Dave Van Sickle
|
0-0: Ball 1-0: Called Strike 1-1: Ball 2-1: Ball 3-1: Reached on error, E6 (Groundball, 6, EV 85.0 MPH) Allen Jarvis to third Neil Worth to second
|
Batting: SHB Steve Wipf
|
0-0: Called Strike 0-1: Fly out, F8 (Flyball, 78M, EV 90.0 MPH)
|
Bottom of the 6th over - 0 runs, 1 hit, 1 error, 3 left on base; University of South Carolina 1 - Rice University 0 |
TOP OF THE 7TH |
University of South Carolina Gamecocks batting - Pitching for Rice University Owls : LHP Joe Fleury
|
Pitching: RHP Bill Lightheart
|
|
Batting: LHB Bert Webster
|
0-0: Called Strike 0-1: Ball 1-1: Ball 2-1: Swinging Strike 2-2: Fly out, F8 (Line Drive, 8RS, EV 101.9 MPH)
|
Batting: RHB Phil Hanley
|
0-0: Ball 1-0: Ball 2-0: Foul Ball, location: 2F 2-1: Swinging Strike 2-2: Foul Ball, location: 2F 2-2: Fly out, F9 (Flyball, 9D, EV 107.5 MPH)
|
Batting: RHB Jeff Swanson
|
0-0: Called Strike 0-1: Ground out 4-3 (Groundball, 4, EV 90.6 MPH)
|
Top of the 7th over - 0 runs, 0 hits, 0 errors, 0 left on base; University of South Carolina 1 - Rice University 0 |
BOTTOM OF THE 7TH |
Rice University Owls batting - Pitching for University of South Carolina Gamecocks : RHP Sammy Armstrong
|
Batting: RHB Javier Quinones
|
0-0: Ball 1-0: Foul Ball, location: 2F 1-1: Foul Ball, location: 2F 1-2: DOUBLE (Flyball, 8LXD, EV 110.0 MPH)
|
Pitching: RHP Jop van Grootveld
|
|
Pinch Hitting: LHB Chris Gonzales
|
0-0: Called Strike 0-1: Ball 1-1: Fly out, F6 (Popup, 56D, EV 47.5 MPH)
|
Batting: RHB Jose Soto
|
0-0: Ball 1-0: Ball 2-0: Called Strike 2-1: Called Strike 2-2: SINGLE (Line Drive, 78S, EV 105.6 MPH) Javier Quinones to third Runner from 3rd tries for Home, SAFE, throw by LF to home
|
Batting: RHB Caleb Mercer
|
0-0: Called Strike 0-1: Grounds into double play, 4-6-3 (Groundball, 4, EV 84.4 MPH)
|
Bottom of the 7th over - 1 run, 2 hits, 0 errors, 0 left on base; University of South Carolina 1 - Rice University 1 |
TOP OF THE 8TH |
University of South Carolina Gamecocks batting - Pitching for Rice University Owls : RHP Bill Lightheart
|
Pitching: RHP Ben Filippone
|
|
Now at 2B: Caleb Mercer
|
|
Now in CF: Chris Gonzales
|
|
Pinch Hitting: LHB Jörg Young
|
0-0: Called Strike 0-1: Ground out 6-3 (Groundball, 56, EV 107.5 MPH)
|
Batting: RHB Justin Kurutz
|
0-0: SOLO HOME RUN (Flyball, 7LD, EV 97.5 MPH), Distance : 369 ft
|
Batting: RHB Brian Passalacqua
|
0-0: Foul Ball, location: 2F 0-1: Ball 1-1: Ball 2-1: Ground out 5-3 (Groundball, 56S, EV 91.2 MPH)
|
Batting: SHB Keith Mihas
|
0-0: Called Strike 0-1: Ball 1-1: Ground out 5-3 (Groundball, 56S, EV 64.4 MPH)
|
Top of the 8th over - 1 run, 1 hit, 0 errors, 0 left on base; University of South Carolina 2 - Rice University 1 |
BOTTOM OF THE 8TH |
Rice University Owls batting - Pitching for University of South Carolina Gamecocks : RHP Jop van Grootveld
|
Now at SS: Keith Lynch
|
|
Batting: RHB Allen Jarvis
|
0-0: Foul Ball, location: 2F 0-1: Ball 1-1: Foul Ball, location: 2F 1-2: Strikes out looking
|
Batting: SHB Ken Wilson
|
0-0: Ball 1-0: Ball 2-0: Fly out, F9 (Line Drive, 9, EV 100.0 MPH)
|
Batting: RHB Neil Worth
|
0-0: Ball 1-0: Called Strike 1-1: Ball 2-1: Foul Ball, location: 2F 2-2: Fly out, F7 (Flyball, 78D, EV 100.6 MPH)
|
Bottom of the 8th over - 0 runs, 0 hits, 0 errors, 0 left on base; University of South Carolina 2 - Rice University 1 |
TOP OF THE 9TH |
University of South Carolina Gamecocks batting - Pitching for Rice University Owls : RHP Ben Filippone
|
Batting: LHB Chris McNay
|
0-0: Ball 1-0: Swinging Strike 1-1: Ball 2-1: Foul Ball, location: 2F 2-2: Ball 3-2: Ground out 5-3 (Groundball, 5, EV 86.9 MPH)
|
Batting: RHB Lance Neldon
|
0-0: Ball 1-0: Called Strike 1-1: Fly out, F8 (Flyball, 8RS, EV 93.8 MPH)
|
Batting: LHB Bert Webster
|
0-0: Ball 1-0: Called Strike 1-1: Ball 2-1: Ground out U3 (Groundball, 34S, EV 85.0 MPH)
|
Top of the 9th over - 0 runs, 0 hits, 0 errors, 0 left on base; University of South Carolina 2 - Rice University 1 |
BOTTOM OF THE 9TH |
Rice University Owls batting - Pitching for University of South Carolina Gamecocks : RHP Jop van Grootveld
|
Pitching: RHP Nelson Knopp
|
|
Batting: SHB Dave Van Sickle
|
0-0: Ground out 6-3 (Groundball, 56, EV 83.1 MPH)
|
Batting: SHB Steve Wipf
|
0-0: Ball 1-0: Foul Ball, location: 2F 1-1: Called Strike 1-2: Ball 2-2: DOUBLE (Flyball, 8LXD, EV 100.6 MPH)
|
Batting: RHB Javier Quinones
|
0-0: Ball 1-0: Fly out, F8 (Flyball, 8RXD, EV 97.5 MPH)
|
Batting: LHB Chris Gonzales
|
0-0: Fly out, F8 (Flyball, 8RXD, EV 96.2 MPH)
|
Bottom of the 9th over - 0 runs, 1 hit, 0 errors, 1 left on base; University of South Carolina 2 - Rice University 1 |
|